 Dungeon Crawl Stone Soup version 0.24.0-13-gcf9b319 (webtiles) character file.

Game seed: 12759840862520775950, levelgen mode: deterministic

100 Fortress the Conjurer (level 4, -5/33 HPs)
             Began as a Draconian Conjurer on Feb 10, 2020.
             Killed from afar by Sigmund (10 damage)
             ... with a puff of flame
             ... on level 2 of the Dungeon.
             The game lasted 00:05:22 (1699 turns).

Fortress the Conjurer (Draconian Conjurer)          Turns: 1699, Time: 00:05:23

Health: -5/33      AC:  5    Str: 10    XL:     4   Next: 47%
Magic:  0/7        EV: 12    Int: 17    God:
Gold:   110        SH:  0    Dex: 11    Spells: 5/8 levels left

rFire    . . .     SeeInvis .   i - +0 short sword
rCold    . . .     Gourm    .   (no shield)
rNeg     . . .     Faith    .   (armour unavailable)
rPois    .         Spirit   .   (helmet restricted)
rElec    .         Reflect  .   (no cloak)
rCorr    .         Harm     .   (no gloves)
MR       .....                  (no boots)
Stlth    ++........             (no amulet)
HPRegen  0.11/turn              (no ring)
MPRegen  0.10/turn              (no ring)

@: flying
A: unfitting armour, cold-blooded, AC +5
a: no special abilities


You were on level 2 of the Dungeon.
You were hungry.

You visited 1 branch of the dungeon, and saw 2 of its levels.

You collected 110 gold pieces.

Inventory:

Hand Weapons
 i - a +0 short sword (weapon)
Missiles
 h - 5 poisoned darts (quivered)
Jewellery
 l - a +4 ring of strength {unknown}
 n - a cursed amulet of inaccuracy {unknown}
Scrolls
 c - 5 scrolls of identify {unknown}
 d - a scroll of noise {unknown}
 e - a scroll of magic mapping {unknown}
 g - a scroll of remove curse {unknown}
 m - a scroll of teleportation {unknown}
Potions
 a - a potion of ambrosia {unknown}
 f - a potion of flight
 j - a potion of berserk rage {unknown}
 k - a potion of agility {unknown}
Comestibles
 b - 4 rations


   Skills:
 - Level 0.1 Fighting
 - Level 2.0 Dodging
 + Level 2.1 Stealth
 - Level 0.2 Unarmed Combat
 + Level 2.6 Spellcasting
 + Level 5.3 Conjurations


You had 5 spell levels left.
You knew the following spells:

 Your Spells              Type           Power        Failure   Level  Hunger
a - Magic Dart            Conj           ###.         1%          1    #......
b - Searing Ray           Conj           ###...       3%          2    ##.....

Your spell library contained the following spells:

 Spells                   Type           Power        Failure   Level  Hunger
 Dazzling Spray           Conj/Hex       ##....       19%         3    ###....
 Iskenderun's Mystic Bla  Conj           ###.....     21%         4    #####..
 Force Lance              Conj/Tloc      ##......     52%         4    #####..
 Fulminant Prism          Conj/Hex       ##........   52%         4    #####..


Dungeon Overview and Level Annotations

Branches:
Dungeon (2/15)

Altars:
Okawaru

Annotations:
D:2 Sigmund


Innate Abilities, Weirdness & Mutations

Your plain brown scales are hard. (AC +5)
You cannot fit into any form of body armour.
You are cold-blooded and may be slowed by cold attacks.


Message History

Sigmund is almost dead.
You closely miss Sigmund.
Your tail-slap misses Sigmund.
Sigmund is almost dead.
Sigmund points at you and mumbles some strange words.
The magic dart hits you!
You barely miss Sigmund.
Your tail-slap misses Sigmund.
Sigmund is almost dead.
Sigmund hits you with a +0 scythe.
You closely miss Sigmund.
Your tail-slap misses Sigmund.
Sigmund is almost dead.
Sigmund hits you with a +0 scythe!
* * * LOW HITPOINT WARNING * * *
It was a potion of flight.
You feel very buoyant.
You fly up into the air.
You hit Sigmund.
Sigmund is almost dead.
Sigmund casts a spell at you. The puff of flame hits you!
You die...

!..>....# ########
........#
##......##
.>....<.#
##........##
....).#
#..........#
.....#
#..........# #..@#
#..........# #...#
#..........#
#...###..........#
#...K@@.........##
##.####..........#
## #..........#
#..........#
#..........# .
#.....†....# .
#.........##
#.#......##
#.########


You could see Sigmund and a kobold.

Vanquished Creatures
  A gnoll (D:2)
  4 adders (D:2)
  A worm (D:2)
  A dart slug (D:1)
  2 leopard geckos (D:1)
  2 orcs (D:2)
  7 bats
  A giant cockroach (D:2)
  4 goblins
  6 hobgoblins
  4 jackals (D:1)
  4 kobolds
  3 frilled lizards
  7 rats (D:1)
47 creatures vanquished.

Notes
Turn   | Place    | Note
-------+----------+-------------------------------------------
     0 | D:1      | Fortress the Draconian Conjurer began the quest for the
                  | Orb.
     0 | D:1      | Reached XP level 1. HP: 14/14 MP: 3/3
   293 | D:1      | Reached XP level 2. HP: 16/20 MP: 1/5
   726 | D:1      | Reached XP level 3. HP: 26/26 MP: 1/6
  1068 | D:2      | Reached skill level 5 in Conjurations
  1237 | D:2      | Reached XP level 4. HP: 6/33 MP: 1/7
  1464 | D:2      | Found an iron altar of Okawaru.
  1652 | D:2      | Noticed Sigmund
  1673 | D:2      | Learned a level 2 spell: Searing Ray
  1699 | D:2      | Killed from afar by Sigmund

Levels and vault maps discovered:
D:1:      eino_arrival_water_cross, layout_rooms
D:2:      layout_rooms, nicolae_ru_the_path_less_chosen,
          okawaru_altar_gauntlet_db, uniq_sigmund

Skill      XL: |  1  2  3  4 |
---------------+-------------+-----
Conjurations   | 5 |  5.3
Dodging        | 2 |  2.0
Stealth        | 2 |  2.1
Fighting       | |  0.1
Unarmed Combat | |  0.2
Spellcasting   | |  2.6

Action                   |  1- 3 |  4- 6 || total
-------------------------+-------+-------++-------
Melee: Unarmed           |    38 |       ||    38
       Tailslap          |     8 |     2 ||    10
       Short sword       |    25 |    13 ||    38
 Cast: Magic Dart        |    70 |    20 ||    90
       Searing Ray       |       |     1 ||     1
  Use: Potion            |       |     1 ||     1
  Eat: Chunk             |     2 |     1 ||     3
Armor: Skin              |    14 |     1 ||    15
Dodge: Dodged            |    56 |    10 ||    66
